drago, lawful male human Samurai ------------ ---------------- |.<........| --------- |............<.| |..........| |..>....| |............... |..........| #..%.....| |..............|# #............# ###--------- |...............######------------# # ----------------# # ### # ### # ##### #### # # #### ### #### # # ### ----------+-### ### |..........|# # |..........|# ###|.f.........# #c..'......%| ------------ drago the Ninja Experience level: 8 Strength: 18/02 Dexterity: 18 Constitution: 18 Intelligence: 8 Wisdom: 7 Charisma: 7 Health: 0(73) Energy: 31(31) Def: 10 Gold: 2515 Moves: 9576 Dungeon seed: rRUo-nLUNNZwCF8O Game ID: drago_1557163789 Your Inventory: Coins $ - 2515 gold pieces Amulets J - an uncursed amulet of reflection Weapons a - a very corroded +0 katana (alternate weapon; not wielded) b - a +0 wakizashi (weapon in hand) c - a blessed +0 yumi s - 10 +0 orcish arrows t - 3 +0 arrows (in quiver) H - 5 +2 arrows Armor m - an uncursed +0 bronze plate mail (being worn) n - an uncursed +1 orcish helm (being worn) A - an uncursed +0 pair of iron shoes (being worn) X - an uncursed +0 mummy wrapping Comestibles d - 2 uncursed gunyoki h - 3 uncursed tripe rations i - an uncursed cram ration l - an uncursed lichen corpse o - 2 uncursed sprigs of wolfsbane V - an uncursed clove of garlic Scrolls e - a blessed scroll of create monster Potions v - an uncursed potion of hallucination L - an uncursed potion of healing Rings g - an uncursed ring of shock resistance p - an uncursed ring of teleport control M - an uncursed ring of protection from shape changers T - an uncursed ring of conflict Wands k - a wand of digging (0:5) Y - a wand of teleportation (0:7) Tools r - an uncursed tin whistle B - a +0 pick-axe E - an uncursed leash G - an uncursed oil lamp (0:1025) P - an uncursed blindfold Q - a magic marker (0:64) R - a can of grease (0:2) Gems f - an uncursed worthless piece of blue glass q - an uncursed worthless piece of red glass y - 5 uncursed worthless pieces of orange glass F - 3 uncursed worthless pieces of yellow glass K - 2 uncursed amethyst stones N - an uncursed jet stone O - an uncursed worthless piece of white glass W - 2 uncursed worthless pieces of violet glass Spells and supernatural/magical abilities: Name Level Category Fail Memory W - pray for help -- divine ? -- Your skills at the end: Fighting Skills martial arts [Basic] Weapon Skills short sword [Basic] long sword [Basic] bow [Basic] Spellcasting Skills Final Attributes: You were piously aligned. You were poison resistant. You were invisible. You were fast. You were unlucky. You are dead. Vanquished creatures: 2 giant mimics 2 large mimics a warg a small mimic a large dog a giant beetle a quivering blob a panther an orc-captain 2 gnome kings a dwarf mummy 6 brown puddings a lizard a dog 2 gnome mummies an ape 2 soldier ants a fire ant a bugbear 2 imps 6 Uruk-hai a rock piercer a rock mole 2 ponies a fog cloud a shrieker a violet fungus 4 gnome lords 3 gnomish wizards a golden naga hatchling a barrow wight 4 elf zombies 2 straw golems 4 giant ants a little dog 2 floating eyes a kitten 3 dwarves a homunculus a kobold lord 2 hill orcs 5 rothes a rabid rat a centipede 2 giant bats 2 monkeys 3 orc zombies a dwarf zombie 2 werejackals 6 iguanas 7 killer bees 3 acid blobs 2 coyotes 4 gas spores a hobbit 6 manes a large kobold 2 hobgoblins 4 giant rats a brown mold 4 green molds 2 red molds 30 gnomes a gnome zombie 10 geckos 6 jackals a fox 4 kobolds 6 goblins 4 sewer rats 4 grid bugs 5 bats 7 lichens 4 kobold zombies 5 newts 221 creatures vanquished. Voluntary challenges: You used a wielded weapon 232 times, starting on turn 98. You read items or engraved 42 times, starting on turn 1698. You never genocided any monsters. You never polymorphed an object. You never changed form. You used no wishes. You split 4 puddings, starting on turn 8192. You wrote Elbereth's name 37 times, starting on turn 1698. You never violated your personal moral code. Dungeon overview: The Dungeons of Doom: levels 1 to 8 Level 1 a long staircase Level 2 stairs to The Gnomish Mines Level 3 a potion shop, a fountain Level 4 Level 5 Level 6 a fountain Level 7 many fountains Level 8 <- You were here stairs to Sokoban The Gnomish Mines: levels 3 to 6 Level 3 stairs to The Dungeons of Doom Level 4 Level 5 Level 6 many shops, a temple to Susanowo, some fountains Sokoban: levels 4 to 7 Level 4 Level 5 Level 6 Level 7 stairs to The Dungeons of Doom History has recorded: On T:1 you entered the Dungeons of Doom to retrieve the Amulet of Yendor! On T:30 you reached level 2 of The Dungeons of Doom. On T:659 you advanced to experience level 2. On T:663 you reached level 3 of The Dungeons of Doom. On T:938 you reached level 4 of The Dungeons of Doom. On T:962 you reached level 5 of The Dungeons of Doom. On T:1064 you advanced to experience level 3. On T:1599 you reached level 1 of The Gnomish Mines. On T:1915 you advanced to experience level 4. On T:2005 you reached level 2 of The Gnomish Mines. On T:2102 you advanced to experience level 5. On T:2407 you reached level 3 of The Gnomish Mines. On T:2480 you reached level 4 of The Gnomish Mines. On T:3033 you advanced to experience level 6. On T:4283 you reached level 6 of The Dungeons of Doom. On T:4509 you reached level 7 of The Dungeons of Doom. On T:4841 you advanced to experience level 7. On T:5334 you reached level 8 of The Dungeons of Doom. On T:5354 you reached level 4 of Sokoban. On T:5755 you reached level 3 of Sokoban. On T:6588 you reached level 2 of Sokoban. On T:7053 you reached level 1 of Sokoban. On T:7214 you advanced to experience level 8. Score breakdown: Gold: 2515 (11568 points) Experience: 8 levels (14739 points) Exploration: 8 levels ( 15.09%) (11006 points) Discoveries: 11 items ( 4.47%) ( 6343 points) Valuables value: (no points given unless you survive) Artifact value: 0 ( 0 points) Variety of kills: 75 monsters ( 19.69%) (13310 points) Turncount: 9576 turns (-2314 points) Survival: died (score multiplied by 80%) Total score: 43721 Latest messages: Greebo misses the soldier ant. The soldier ant misses Greebo. The soldier ant stings Greebo. You kill the soldier ant! The cockatrice bites! The cockatrice misses. You are now wielding your yumi. The arrow hits the cockatrice. You displace Greebo. You begin bashing monsters with your yumi. You hit the leather golem! You are now wielding your wakizashi. The leather golem bumps right into you! You hit the leather golem! (2x) The leather golem misses. The leather golem hits! You hit the leather golem! The leather golem hits! (2x) You die... Final status: Sayonara drago the Samurai, killed by a leather golem... You died in The Dungeons of Doom on dungeon level 8 with 43721 points, and 2515 pieces of gold, after 9576 moves. You were level 8 with a maximum of 73 hit points when you died.